 Dungeon Crawl Stone Soup version 0.32-a0-666-ge8a88695a4 (webtiles) character file.

Game seed: 13164167463727198444

5827 ytrimaz the Cleaver (level 10, -2/70 HPs)
             Began as a Coglin Fighter on Mar 9, 2024.
             Was a Believer of Okawaru.
             Slain by a spriggan
             ... wielding a +0 spear
              (4 damage)
             ... in a bailey.
             The game lasted 00:10:03 (9582 turns).

ytrimaz the Cleaver (Coglin Fighter)                Turns: 9582, Time: 00:10:04

Health: -2/70      AC: 13    Str: 26    XL:     10   Next: 80%
Magic:  10/10      EV: 10    Int:  7    God:    Okawaru [**....]
Gold:   327        SH:  0    Dex: 13    Spells: 9/9 levels left

rFire   + . .        a - +1 war axe {Suchat}
rCold   . . .        e - +2 war axe {Gustavo}
rNeg    . . .        b - +0 scale mail
rPois   .            w - +3 hat of Creativity {rF+ Str+4}
rElec   .            (no cloak)
rCorr   .            (no gloves)
SInv    .            z - +0 pair of boots
Will    .....        (amulet unavailable)
Stlth   +            (ring unavailable)
HPRegen 0.31/turn    (ring unavailable)
MPRegen 0.12/turn    (no gizmo)

%: no passive effects
@: about to teleport, studying Ice Magic
A: off-hand wielding, slow wielding, warmup strikes, no jewellery
a: Invent Gizmo, Renounce Religion, Heroism


You were in a bailey.
You worshipped Okawaru.
Okawaru was pleased with you.
You visited 2 branches of the dungeon, and saw 9 of its levels.
You also visited: Ossuary and Bailey.

You collected 396 gold pieces.
You spent 69 gold pieces at shops.


Innate Abilities, Weirdness & Mutations

You can wield a second weapon in your off-hand.
It takes a long time for you to wield or remove held weapons.
Your first few attacks do less damage.
You cannot equip rings or amulets.


   Skills:
 - Level 3.0 Fighting
 + Level 11.0 Axes
 + Level 10.3 Armour
 - Level 2.3 Stealth
 - Level 2.1 Shields
 - Level 4.0 Evocations


You had 9 spell levels left.
You didn't know any spells.
Your spell library contained the following spells:

 Spells                   Type           Power      Damage    Failure   Level
 Inner Flame              Hex/Fire       0%         N/A       95%         3
 Flame Wave               Conj/Fire      0%         2d4       100%        4
 Sticky Flame             Fire/Alch      0%         2d4       100%        4

Inventory:

Hand Weapons
 a - a +1 war axe (weapon) {Suchat}
 e - a +2 war axe (offhand) {Gustavo}
   (You took it off a wight on level 6 of the Dungeon)
 l - a +0 hand axe {Genichi}
   (You found it on level 1 of the Dungeon)
Missiles
 C - a throwing net
Armour
 b - a +0 scale mail (worn)
 o - a +0 plate armour
   (You found it on level 2 of the Dungeon)
 q - a +2 helmet
   (You took it off Robin on level 3 of the Dungeon)
 w - the +3 hat of Creativity (worn) {rF+ Str+4}
   (You found it on level 6 of the Dungeon)

   Str+4:     It affects your strength (+4).
   rF+:       It protects you from fire.
 z - a +0 pair of boots (worn)
   (You found it on level 6 of the Dungeon)
Wands
 h - a wand of flame (36) (quivered)
   (You took it off Robin on level 3 of the Dungeon)
 m - a wand of warping (15)
   (You found it on level 4 of the Dungeon)
 t - a wand of polymorph (8)
   (You took it off Dowan on level 5 of the Dungeon)
 B - a wand of acid (4)
   (You found it on level 7 of the Dungeon)
 D - a wand of digging (6)
   (You found it on level 7 of the Dungeon)
Scrolls
 g - a scroll of vulnerability
 k - a scroll of enchant weapon
 y - a scroll of immolation
 E - a scroll of enchant armour
Potions
 c - 7 potions of lignification
 d - a potion of might
 f - 2 potions of cancellation
 i - 3 potions of haste
 j - 2 potions of enlightenment
 r - 2 potions of brilliance
 s - a potion of resistance
 u - a potion of invisibility
 A - a potion of magic {unknown}

Dungeon Overview and Level Annotations

Branches:
Dungeon (8/15) Zot: 26822  Temple (1/1) D:6 Zot: 5973 Ossuary (visited)
 Bailey (1/1) Zot: 5918
   Lair: D:8-11

Altars:
Ashenzari
Cheibriados
Dithmenos
Elyvilon
Fedhas
Gozag
Hepliaklqana
Kikubaaqudgha
Okawaru
Qazlal
Ru
Sif Muna
Trog
Uskayaw
Vehumet
Wu Jian
Xom
Yredelemnul
Zin
The Shining One

Shops:
D:3 *

Annotations:
D:5 1 runed translucent door, Crazy Yiuf

#######
###.§.§.###
##.§§§§§§..##
##..§§i§§....##
#...§§§§§@....#
##...§§i§§...##
##..§§.§§§.##
###~~~~~###
#~~)~~#
##O~~~~##
#.......##
#.........##
#..#######..##


You could see an ogre (fleeing) and a spriggan.


Message History

😱 HP[+1]
The ogre closely misses you.
Unknown command.
You barely miss the ogre with your +1 war axe.
You hit the ogre with your +2 war axe.
Unknown command.
You hit the ogre with your +2 war axe.
You kill the ogre!
Okawaru accepts your kill. 😱 HP[+1]
Things that are here:
a +0 glaive; an ogre corpse Unknown command.
A spriggan comes into view. It is wielding a +0 spear. 😨 HP[+4]
You regained 4 hp, and now have 19/70 hp.
A spriggan is nearby!
Unknown command.
A spriggan is nearby!
Unknown command.
The spriggan shouts! 😨 HP[+1]
Aiming: Throw Flame
Press: ? - help, Q - select action, (/) - cycle Shift-Dir - straight line, f - spriggan
Aim: a spriggan, wielding a +0 spear (43% to hit)
The puff of flame misses the spriggan.
You flicker for a moment.
The spriggan is engulfed in a cloud of scalding steam.
Aiming: Throw Flame
Press: ? - help, Q - select action, (/) - cycle Shift-Dir - straight line, f/p - spriggan
Aim: a spriggan, wielding a +0 spear (lightly wounded, 43% to hit)
The puff of flame hits the spriggan.
Unknown command.
The spriggan hits you from afar with a +0 spear.
* * * LOW HITPOINT WARNING * * *
😨 HP[-1]
You take 1 damage, and now have 19/70 hp.
The spriggan barely misses you.
Unknown command.
You closely miss the spriggan with your +1 war axe.
You miss the spriggan with your +2 war axe.
A spriggan comes into view. It is wielding a +0 trident.
The spriggan barely misses you.
You slash the spriggan with your +2 war axe!
You closely miss the spriggan with your +1 war axe.
You flicker back into view.
The spriggan hits you with a +0 spear.
* * * LOW HITPOINT WARNING * * *
You barely miss the spriggan with your +2 war axe.
You slash the spriggan with your +1 war axe!
A spriggan comes into view. It is wielding a +0 spear.
An ogre comes into view. It is wielding a +0 glaive.
The ogre shouts!
The spriggan shouts!
The spriggan misses you.
Unknown command.
Unknown command.
You barely miss the spriggan with your +2 war axe.
You closely miss the spriggan with your +1 war axe.
The spriggan hits you with a +0 spear!
* * * LOW HITPOINT WARNING * * *
😱 HP[-6]
You take 6 damage, and now have 13/70 hp.
Unknown command.
As you read the scroll of fog, it dissolves into smoke.
The spriggan hits you from afar with a +0 trident!
* * * LOW HITPOINT WARNING * * *
The spriggan hits you but does no damage. 😱 HP[-8]
You take 8 damage, and now have 5/70 hp.
Unknown command.
Okay, then.
As you read the scroll of fear, it crumbles to dust.
You assume a fearsome visage.
The spriggan looks frightened! x2
Unknown command.
Unknown command.
You feel better.
The spriggan barely misses you. 😱 HP[+9]
You regained 9 hp, and now have 14/70 hp.
As you read the scroll of fear, it crumbles to dust.
You assume a fearsome visage.
The ogre looks frightened!
The spriggan resists with some effort.
The spriggan hits you but does no damage.
Unknown command.
As you read the scroll of teleportation, it crumbles to dust.
You feel strangely unstable.
The spriggan hits you from afar with a +0 spear!
* * * LOW HITPOINT WARNING * * *
😱 HP[-13]
You take 13 damage, and now have 1/70 hp.
The spriggan hits you but does no damage.
The spriggan barely misses you. 😱 HP[+1] Unknown command.
Okay, then.
Unknown command.
The spriggan hits you but does no damage.
Unknown command.
Unknown command.
The spriggan hits you from afar with a +0 spear.
You die...

Skill      XL: |  1  2  3  4  5  6  7  8  9 10 |
---------------+-------------------------------+-----
Armour         | 3 4 5 7 9 10 | 10.3
Axes           | 3 4 5 7 9 11 | 11.0
Stealth        | 1 2 |  2.3
Evocations     | 2 4 |  4.0
Fighting       | |  3.0
Shields        | |  2.1

Action                     |  1- 3 |  4- 6 |  7- 9 | 10-12 || total
---------------------------+-------+-------+-------+-------++-------
  Melee: War axe           |    65 |    75 |   273 |   270 ||   683
         Hand axe          |    27 |    70 |   241 |       ||   338
 Invoke: Heroism           |       |       |     1 |       ||     1
  Evoke: Wand              |       |     8 |     5 |     7 ||    20
    Use: Scroll            |     5 |     8 |     8 |     7 ||    28
         Potion            |       |     1 |     4 |     3 ||     8
 Armour: Scale mail        |    62 |    80 |   250 |   173 ||   565
  Dodge: Dodged            |    29 |    48 |   145 |    62 ||   284
  Block: Buckler           |     4 |       |       |       ||     4

Levels and vault maps discovered:
D:1:      matt_arrival_spirals, layout_loops_ring, minmay_misc_feat_ornament,
          dreamdust_princess_corridor, minmay_misc_feat_hallway
D:2:      minmay_recursive_quarters, layout_loops_corners, grunt_ministairs_3
D:3:      kennysheep_goblin_castle, layout_loops_ring, serial_shops,
          nicolae_shop_pleasant_corner_grove, lemuel_flame_loot_1, uniq_grinder
D:4:      minmay_chambers_of_threes, layout_cave_pools,
          mainiacjoe_overflow_catwalk, nicolae_sif_muna_little_library
D:5:      layout_loops_ring, nicolae_qazlal_scattered_showers, enter_ossuary_1,
          portal_sewer_entry_d, nicolae_goblin_pals, uniq_ijyb,
          uniq_crazy_yiuf_cottage, uniq_duvessa
D:6:      layout_basic, minmay_temple_entry_slanted, minmay_manual_monstrance,
          uniq_jeremiah, uniq_eustachio, uniq_prince_ribbit1
D:7:      layout_rooms, kennysheep_little_box, grunt_ministairs_13,
          kennysheep_minor_cross, nicolae_sextant, serial_bayou_pond_d,
          minivault_23
D:8:      layout_cave_pods, enter_bailey_3
Temple:   regret_index_temple_sphere_string
Bailey:   bailey_polearm_enchanted_keep_hellmonk, bailey

Notes
Turn   | Place    | Note
-------+----------+-------------------------------------------
     0 | D:1      | ytrimaz the Coglin Fighter began the quest for the Orb.
     0 | D:1      | Reached XP level 1. HP: 18/18 MP: 1/1
     0 | D:1      | magus.rc [v1.9.6]
   249 | D:1      | Reached XP level 2. HP: 24/24 MP: 2/2
   259 | D:1      | Reached skill level 3 in Armour
   946 | D:2      | Reached XP level 3. HP: 29/29 MP: 3/3
  1095 | D:2      | Reached skill level 3 in Axes
  1507 | D:2      | Reached XP level 4. HP: 35/35 MP: 4/4
  2174 | D:3      | Found Amid's Assorted Antiques.
  2178 | D:3      | Bought a scroll of identify for 46 gold pieces
  2178 | D:3      | Bought a scroll labelled ARITINNIQE for 23 gold pieces
  2412 | D:3      | Reached skill level 4 in Armour
  2412 | D:3      | Reached skill level 1 in Stealth
  2412 | D:3      | Reached XP level 5. HP: 37/41 MP: 5/5
  2412 | D:3      | Noticed Robin
  2430 | D:3      | Killed Robin
  2431 | D:3      | Reached skill level 4 in Axes
  2713 | D:3      | You pick up a book of Flames and begin reading...
  2713 | D:3      | You add the spells Inner Flame, Sticky Flame and Flame Wave
                  | to your library.
  2722 | D:3      | Noticed Grinder
  2727 | D:3      | Paralysed by Grinder for 4 turns
  2734 | D:3      | HP: 8/41 [Grinder/nerve-wracking pain (13)]
  2736 | D:3      | HP: 2/41 [Grinder/puff of flame (6)]
  2738 | D:3      | Killed Grinder
  2739 | D:3      | Reached skill level 2 in Stealth
  2739 | D:3      | Reached XP level 6. HP: 29/47 MP: 6/6
  3155 | D:4      | Reached skill level 2 in Evocations
  3155 | D:4      | Reached XP level 7. HP: 49/52 MP: 7/7
  3169 | D:4      | Found a shadowy altar of Dithmenos.
  3561 | D:4      | Reached skill level 5 in Axes
  3561 | D:4      | Reached skill level 3 in Evocations
  3562 | D:4      | HP: 13/52 [poisoned by an adder]
  3564 | D:4      | Reached skill level 5 in Armour
  3566 | D:4      | HP: 6/52 [poisoned by an adder]
  3882 | D:4      | Found a shimmering blue altar of Sif Muna.
  4005 | D:4      | HP: 13/52 [burnt (1)]
  4007 | D:4      | Reached skill level 4 in Evocations
  4010 | D:4      | HP: 6/52 [burnt (1)]
  4394 | D:5      | Entered Level 5 of the Dungeon
  4400 | D:5      | Reached XP level 8. HP: 58/58 MP: 8/8
  4428 | D:5      | Reached skill level 6 in Axes
  4480 | D:5      | Found a sand-covered staircase.
  4489 | Ossuary  | Entered an ossuary
  4674 | Ossuary  | Reached skill level 6 in Armour
  4735 | Ossuary  | Reached skill level 7 in Axes
  4990 | Ossuary  | Reached skill level 7 in Armour
  5120 | Ossuary  | Reached XP level 9. HP: 61/63 MP: 9/9
  5583 | D:5      | Reached skill level 8 in Axes
  5725 | D:5      | Found a stormy altar of Qazlal.
  5811 | D:5      | Noticed Ijyb
  5822 | D:5      | Killed Ijyb
  5903 | D:5      | Noticed Dowan
  5903 | D:5      | Noticed Duvessa
  5916 | D:5      | Killed Duvessa
  5920 | D:5      | HP: 13/63 [Dowan/shard of ice (18)]
  5924 | D:5      | Killed Dowan
  6174 | D:5      | Found a runed translucent door.
  6175 | D:5      | Noticed Crazy Yiuf
  6348 | D:6      | Reached skill level 8 in Armour
  6396 | D:6      | Found a staircase to the Ecumenical Temple.
  6410 | Temple   | Entered the Ecumenical Temple
  6423 | Temple   | Became a worshipper of Warmaster Okawaru
  6471 | D:6      | Noticed a two-headed ogre
  6484 | D:6      | Killed a two-headed ogre
  6484 | D:6      | Reached * piety under Okawaru
  6485 | D:6      | Reached skill level 9 in Axes
  6514 | D:6      | HP: 14/63 [gnoll sergeant/+1 antimagic spear (5)]
  6517 | D:6      | HP: 4/63 [wight/+2 war axe (3)]
  6716 | D:6      | Noticed Prince Ribbit
  6738 | D:6      | Killed Prince Ribbit
  6739 | D:6      | Reached skill level 9 in Armour
  6739 | D:6      | Reached XP level 10. HP: 52/70 MP: 10/10
  7119 | D:6      | Noticed Jeremiah
  7120 | D:6      | Identified the +3 hat of Creativity {rF+ Str+4}
  7354 | D:6      | Killed Jeremiah
  7355 | D:6      | Reached skill level 10 in Axes
  7693 | D:6      | Noticed Eustachio
  7712 | D:6      | Killed Eustachio
  7712 | D:6      | Reached ** piety under Okawaru
  7839 | D:6      | HP: 10/70 [something (8)]
  7857 | D:6      | HP: 15/70 [something (4)]
  7862 | D:6      | HP: 12/70 [something (4)]
  7867 | D:6      | HP: 11/70 [something (1)]
  7869 | D:6      | Killed an unseen horror
  8642 | D:7      | Reached skill level 10 in Armour
  9044 | D:7      | Found a glowing golden altar of the Shining One.
  9495 | D:8      | Found a flagged portal.
  9504 | Bailey   | Entered a bailey
  9529 | Bailey   | Reached skill level 11 in Axes
  9538 | Bailey   | HP: 12/70 [ogre/+0 halberd (10)]
  9573 | Bailey   | HP: 13/70 [spriggan/+0 spear (7)]
  9574 | Bailey   | HP: 5/70 [spriggan/+0 trident (8)]
  9579 | Bailey   | HP: 1/70 [spriggan/+0 spear (13)]
  9582 | Bailey   | Slain by a spriggan

Vanquished Creatures
  A two-headed ogre (D:6)
  An unseen horror (D:6)
  Jeremiah (D:6)
  Grinder (D:3)
  Prince Ribbit (D:6)
  Eustachio (D:6)
  A water moccasin (D:6)
  Duvessa (D:5)
  A sky beast (D:6)
  An orc warrior (D:8)
  4 ice beasts
  5 ogres
  A black bear (D:5)
  2 centaurs
  A phantom (D:6)
  A kobold brigand (D:6)
  A bullfrog (D:6)
  10 scorpions
  A gnoll sergeant (D:6)
  Dowan (D:5)
  4 wights (D:6)
  2 howler monkeys
  7 bombardier beetles
  2 gnoll boudas (D:6)
  2 hounds
  6 human zombies (Ossuary)
  2 orc priests
  3 sleepcaps
  4 scorpion zombies (Ossuary)
  Ijyb (D:5)
  7 iguanas
  7 orc wizards
  3 mummies (Ossuary)
  Robin (D:3)
  12 gnolls (D:6)
  11 adders
  2 adder zombies (Ossuary)
  4 dart slugs
  5 ribbon worms
  19 orcs
  8 bats
  7 endoplasms
  2 giant cockroaches
  15 hobgoblins
  5 jackals
  7 quokkas
  8 ball pythons
  A ball python zombie (Ossuary)
  7 frilled lizards
  A gnoll zombie (Ossuary)
  25 goblins
  4 jackal zombies (Ossuary)
  15 kobolds
  4 orc zombies (Ossuary)
  5 rats
255 creatures vanquished.

Vanquished Creatures (others)
  A goblin (D:5)
1 creature vanquished.

Grand Total: 256 creatures vanquished

Table legend:
 A = Non-vault XP
 B = Vault XP
 C = Vault XP percentage of total XP
 D = Non-vault monster count
 E = Vault monster count
 F = Vault count percentage of total count
                 A         B        C        D         E       F
            +---------+---------+-------+---------+---------+-------
      Total |    3630 |    4695 |  56.4 |     152 |     103 |  40.4
            +---------+---------+-------+---------+---------+-------
        D:1 |      32 |       0 |   0.0 |      21 |       0 |   0.0
        D:2 |      64 |      27 |  29.7 |      24 |       9 |  27.3
        D:3 |      46 |     370 |  88.9 |      14 |      21 |  60.0
        D:4 |     324 |     318 |  49.5 |      18 |      12 |  40.0
        D:5 |     792 |     278 |  26.0 |      20 |      10 |  33.3
        D:6 |    1555 |    2237 |  59.0 |      42 |       8 |  16.0
        D:7 |     581 |      44 |   7.0 |       9 |       4 |  30.8
        D:8 |     236 |       8 |   3.3 |       4 |       4 |  50.0
    Ossuary |       0 |    1061 | 100.0 |       0 |      32 | 100.0
     Bailey |       0 |     352 | 100.0 |       0 |       3 | 100.0
            +---------+---------+-------+---------+---------+-------

Skill      XL: |  1  2  3  4  5  6  7  8  9 10 |
---------------+-------------------------------+-----
Armour         | 3 4 5 7 9 10 | 10.3
Axes           | 3 4 5 7 9 11 | 11.0
Stealth        | 1 2 |  2.3
Evocations     | 2 4 |  4.0
Fighting       | |  3.0
Shields        | |  2.1

Action                     |  1- 3 |  4- 6 |  7- 9 | 10-12 || total
---------------------------+-------+-------+-------+-------++-------
  Melee: War axe           |    65 |    75 |   273 |   270 ||   683
         Hand axe          |    27 |    70 |   241 |       ||   338
 Invoke: Heroism           |       |       |     1 |       ||     1
  Evoke: Wand              |       |     8 |     5 |     7 ||    20
    Use: Scroll            |     5 |     8 |     8 |     7 ||    28
         Potion            |       |     1 |     4 |     3 ||     8
 Armour: Scale mail        |    62 |    80 |   250 |   173 ||   565
  Dodge: Dodged            |    29 |    48 |   145 |    62 ||   284
  Block: Buckler           |     4 |       |       |       ||     4

Illustrated notes

Table legend:
 A = Kills in this place as a percentage of kills in the entire game.
 B = Kills by you in this place as a percentage of kills by you in the entire game.
 C = Kills by friends in this place as a percentage of kills by friends in the entire game.
 D = Other kills in this place as a percentage of other kills in the entire game.
 E = Experience gained in this place as a percentage of experience gained in the entire game.
 F = Experience gained in this place divided by the number of levels of this place that you have seen.
                   A       B       C       D       E      F
               +-------+-------+-------+-------+-------+----------------------
         Total | 100.0 | 100.0 |   N/A |   N/A | 100.0 | 756.8
       Dungeon |  86.3 |  86.3 |   N/A |   N/A |  83.0 | 864.0
       Ossuary |  12.5 |  12.5 |   N/A |   N/A |  12.7 | 1061.0
        Bailey |   1.2 |   1.2 |   N/A |   N/A |   4.2 | 352.0
               +-------+-------+-------+-------+-------+----------------------

Table legend: (Time is in decaauts)
 A = Elapsed time spent in this place.
 B = Non-inter-level travel time spent in this place.
 C = Inter-level travel time spent in this place.
 D = Time resting spent in this place.
 E = Time spent auto-exploring this place.
 F = Levels seen in this place.
 G = Mean time per level.
                   A        B        C        D        E       F      G
               +--------+--------+--------+--------+--------+-----+--------+
         Total |   9642 |   9240 |    402 |    793 |   6681 |  11 |  876.5 |
       Dungeon |   8815 |   8437 |    378 |    595 |   6394 |   8 | 1101.9 |
        Temple |     26 |      2 |     24 |      0 |      0 |   1 |   26.0 |
       Ossuary |    719 |    719 |      0 |    198 |    256 |   1 |  719.0 |
        Bailey |     80 |     80 |      0 |      0 |     31 |   1 |   80.0 |
               +--------+--------+--------+--------+--------+-----+--------+

Top non-repeatable levels by time:
     D:6: 2114 daAuts
     D:5: 1343 daAuts
     D:4: 1264 daAuts
     D:2: 1224 daAuts
     D:3: 1008 daAuts
     D:1: 946 daAuts
     D:7: 735 daAuts
 Ossuary: 719 daAuts
     D:8: 177 daAuts
  Bailey: 80 daAuts
  Temple: 26 daAuts
